 Dungeon Crawl Stone Soup version 0.17.0-28-g6e173f8 (webtiles) character file.

6040 MDvedh the Basher (level 10, 0/56 HPs)
             Began as a Gargoyle Necromancer on Nov 22, 2015.
             Was an Elder of Okawaru.
             Slain by a spiny frog (11 damage)
             ... on level 9 of the Dungeon.
             The game lasted 00:22:37 (11013 turns).

MDvedh the Basher (Gargoyle Necromancer)           Turns: 11013, Time: 00:22:37

Health: 0/56       AC: 15    Str: 15    XL:     10   Next: 86%
Magic:  13/13      EV: 10    Int: 16    God:    Okawaru [****..]
Gold:   426        SH:  4    Dex: 10    Spells: 1 memorised, 10 levels left

rFire  + + .     SeeInvis .     y - +1 flail (crush)
rCold  . . .     Clarity  .     w - +2 ring mail {rF+}
rNeg   + . .     SustAt   .     l - +1 buckler
rPois  ∞         Gourm    .     E - +0 helmet
rElec  +         Spirit   .     (no cloak)
rCorr  .         Warding  .     (no gloves)
rMut   +         Stasis   .     (no boots)
MR     .....                    i - amulet of resist mutation
Stlth  +.........               (no ring)
                                h - ring of protection from fire

@: about to teleport, not resistant to hostile enchantments, very unstealthy
A: negative energy resistance 1, electricity resistance, unbreathing,
petrification resistance, rot immunity, AC +7
a: Heroism, Renounce Religion


You were on level 9 of the Dungeon.
You worshipped Okawaru.
Okawaru was greatly pleased with you.
You were not hungry.

You visited 3 branches of the dungeon, and saw 11 of its levels.
You also visited: Ossuary.

You collected 426 gold pieces.

Inventory:

Hand Weapons
 u - a +1 whip of electrocution
 y - a +1 flail of crushing (weapon)
 F - a +0 morningstar
Armour
 l - a +1 buckler (worn)
 w - a +2 ring mail of fire resistance (worn)
 E - a +0 helmet (worn)
Jewellery
 h - a ring of protection from fire (left hand)
 i - an amulet of resist mutation (around neck)
 s - an uncursed ring of fire
Wands
 j - a wand of random effects (24)
 t - a wand of polymorph (16)
Scrolls
 d - 3 scrolls of remove curse
 e - 3 scrolls of identify
 k - a scroll of magic mapping
 o - a scroll of teleportation
 p - 3 scrolls of fog
 C - a scroll of blinking
 D - 2 scrolls of recharging
Potions
 a - 2 potions of magic
 f - a potion of haste
 g - 2 potions of resistance
 m - 2 potions of flight
 n - a potion of cure mutation
 q - a potion of beneficial mutation {unknown}
 r - 3 potions of curing
 B - 2 potions of cancellation
Books
 b - a book of Necromancy

   Spells                             Type                      Level
   a - Pain                           Necromancy                   1
   b - Animate Skeleton               Necromancy                   1
   c - Vampiric Draining              Necromancy                   3
   d - Regeneration                   Charms/Necromancy            3
   e - Animate Dead                   Necromancy                   4
   f - Control Undead                 Necromancy                   4
 x - a book of Debilitation

   Spells                             Type                      Level
   a - Corona                         Hexes                        1
   b - Slow                           Hexes                        2
   c - Gell's Gravitas                Hexes/Translocation          3
   d - Inner Flame                    Hexes/Fire                   3
   e - Cause Fear                     Hexes                        4
   f - Leda's Liquefaction            Hexes/Earth                  4
Comestibles
 c - 2 bread rations
 v - a beef jerky
 z - 10 fruits
 A - 2 meat rations
 G - 2 chunks of flesh


   Skills:
 + Level 3.4 Fighting
 - Level 14.6 Maces & Flails
 + Level 1.8 Armour
 - Level 1.5 Dodging
 - Level 2.1 Stealth
 + Level 1.6 Shields
 - Level 2.0 Spellcasting
 - Level 3.2 Necromancy


You had 10 spell levels left.
You knew the following spells:

 Your Spells              Type           Power        Failure   Level  Hunger
b - Regeneration          Chrm/Necr      #.........   83%         3    ###....


Dungeon Overview and Level Annotations

Branches:
Dungeon (9/15)             Temple (1/1) D:4            Lair (1/8) D:9
    Orc: D:9-12

Altars:
Cheibriados
Dithmenos
Elyvilon
Gozag
Kikubaaqudgha
Makhleb
Okawaru
Qazlal
Ru
Sif Muna
Trog
Vehumet
Zin
The Shining One

Shops:
D:7 :

Annotations:
D:3 bsdbeard's ghost, amateur DgCj


Innate Abilities, Weirdness & Mutations

You are resistant to torment.
Your stone body is resilient (AC +7).
You are immune to poison.
You resist negative energy.
You are resistant to electric shocks.
You can survive without breathing.
You are immune to petrification.
You are immune to rotting.


Message History

The spiny frog stings you but does no damage.
You barely miss the spiny frog. The spiny frog stings you.
You barely miss the spiny frog. The spiny frog misses you.
You hit the spiny frog but do no damage.
The spiny frog stings you!
You hit the spiny frog but do no damage.
The spiny frog stings you but does no damage.
You thump the spiny frog!
The spiny frog is moderately wounded.
The spiny frog stings you!
* * * LOW HITPOINT WARNING * * *
You are too injured to fight recklessly!
You are too injured to fight recklessly!
You are too injured to fight recklessly!
Drink which item? (? for menu, Esc to quit)
Okay, then.
Read which item? (? for menu, Esc to quit)
As you read the scroll of teleportation, it crumbles to dust.
You feel strangely unstable. The spiny frog stings you!
You die...

#....
#....
#....
#....
#....
#....
#....
####
#....
#F@#
#....
#.##
#....
#.#
#....
#.#
#....
#.#
#....
#.#
#....
###.#
#.>..
##...#
#....
#.).##
#....


You could see a spiny frog.

Vanquished Creatures
  Pikel (D:7)
  A two-headed ogre (D:6)
  A steam dragon (D:6)
  A hungry ghost (D:8)
  A hippogriff (D:9)
  A deep elf mage (D:9)
  A water moccasin (D:6)
  3 slaves (D:7)
  An ice beast (D:8)
  An eye of draining (D:7)
  3 sky beasts
  An orc warrior (D:9)
  2 phantoms
  A black bear (D:8)
  6 ogres
  4 centaurs
  A crocodile (D:8)
  12 big kobolds (D:8)
  2 elf zombies (Ossuary)
  7 giant frogs
  A wyvern skeleton (D:8)
  3 scorpions
  5 crimson imps
  4 hounds
  An orc priest (D:8)
  A quasit (D:8)
  3 centaur zombies
  3 human zombies (Ossuary)
  A giant frog skeleton (D:9)
  A gnoll shaman (D:6)
  2 centaur skeletons (D:7)
  A wasp zombie (D:8)
  An iguana (D:7)
  2 orc wizards
  3 worker ants
  2 hound zombies
  2 mummies (Ossuary)
  4 hound skeletons
  A worker ant zombie (D:9)
  12 adders
  12 gnolls
  A shadow imp (D:5)
  2 oozes
  A worm (D:4)
  3 adder skeletons
  An adder zombie (D:5)
  8 giant geckos
  30 orcs
  2 ball pythons
  6 giant cockroaches
  9 goblins
  13 hobgoblins
  6 jackals
  20 kobolds
  6 bats
  A giant cockroach zombie (D:5)
  A giant gecko skeleton (D:6)
  A giant gecko zombie (D:6)
  12 giant newts
  2 quokkas
  A quokka skeleton (D:6)
  12 rats
254 creatures vanquished.

Notes
Turn   | Place    | Note
--------------------------------------------------------------
     0 | D:1      | MDvedh the Gargoyle Necromancer began the quest for the Orb.
     0 | D:1      | Reached XP level 1. HP: 10/10 MP: 3/3
   127 | D:1      | Reached skill level 1 in Fighting
   256 | D:1      | Reached XP level 2. HP: 4/17 MP: 0/5
  1127 | D:1      | Reached XP level 3. HP: 20/22 MP: 6/6
  1522 | D:2      | Found a radiant altar of Vehumet.
  1844 | D:2      | Reached skill level 1 in Maces & Flails
  2232 | D:2      | Reached XP level 4. HP: 27/27 MP: 7/7
  2365 | D:2      | Found a glowing silver altar of Zin.
  2373 | D:2      | Noticed an ice beast
  2986 | D:3      | Learned a level 3 spell: Regeneration
  3121 | D:3      | Noticed bsdbeard's ghost (amateur DgCj)
  3332 | D:3      | Found a faded altar to an unknown god.
  3625 | D:3      | Noticed a sky beast
  3717 | D:3      | Killed a sky beast
  3717 | D:3      | Reached skill level 4 in Maces & Flails
  3717 | D:3      | Reached XP level 5. HP: 32/32 MP: 8/8
  3861 | D:3      | Reached XP level 6. HP: 25/36 MP: 9/9
  3966 | D:4      | Reached skill level 5 in Maces & Flails
  4079 | D:4      | Found a sand-covered staircase.
  4091 | Ossuary  | Entered an ossuary
  4235 | Ossuary  | Reached skill level 6 in Maces & Flails
  4320 | Ossuary  | Reached XP level 7. HP: 23/40 MP: 10/10
  4639 | D:4      | Noticed a phantom
  4695 | D:4      | Killed a phantom
  4695 | D:4      | Reached skill level 7 in Maces & Flails
  4799 | D:4      | Noticed an ogre
  4862 | D:4      | Found a staircase to the Ecumenical Temple.
  4868 | Temple   | Entered the Ecumenical Temple
  4885 | Temple   | Became a worshipper of Warmaster Okawaru
  5158 | D:4      | Killed an ogre
  5466 | D:5      | Entered Level 5 of the Dungeon
  5562 | D:5      | Reached skill level 8 in Maces & Flails
  5826 | D:5      | Reached XP level 8. HP: 42/45 MP: 11/11
  6272 | D:6      | Reached skill level 9 in Maces & Flails
  6759 | D:6      | Reached * piety under Okawaru
  6784 | D:6      | Reached skill level 10 in Maces & Flails
  7342 | D:6      | Noticed a two-headed ogre
  7393 | D:6      | Reached XP level 9. HP: 49/49 MP: 12/12
  7762 | D:6      | Killed a two-headed ogre
  7762 | D:6      | Reached skill level 11 in Maces & Flails
  7782 | D:6      | Reached ** piety under Okawaru
  7926 | D:7      | Found Xeawk's Book Shop.
  8224 | D:7      | Found a stormy altar of Qazlal.
  8332 | D:7      | Noticed Pikel
  8354 | D:7      | Killed Pikel
  8354 | D:7      | Reached skill level 12 in Maces & Flails
  9148 | D:8      | Reached skill level 13 in Maces & Flails
  9148 | D:8      | Reached XP level 10. HP: 55/55 MP: 13/13
  9502 | D:8      | Reached *** piety under Okawaru
  9959 | D:8      | Reached skill level 14 in Maces & Flails
 10066 | D:8      | Reached **** piety under Okawaru
 10509 | D:9      | Found a sacrificial altar of Ru.
 10512 | D:9      | Found a white marble altar of Elyvilon.
 10515 | D:9      | Found a bloodstained altar of Trog.
 10787 | D:9      | Reached skill level 1 in Armour
 10787 | D:9      | Reached skill level 1 in Shields
 10833 | D:9      | Found a staircase to the Lair.
 11001 | Lair:1   | Entered Level 1 of the Lair of Beasts
 11013 | D:9      | Slain by a spiny frog

Action                   |  1- 3 |  4- 6 |  7- 9 | 10-12 || total
-------------------------+-------+-------+-------+-------++-------
Melee: Unarmed           |    29 |       |       |       ||    29
       Dagger            |    36 |       |       |       ||    36
       Mace              |    78 |   294 |   115 |       ||   487
       Flail             |       |       |   433 |   393 ||   826
       Whip              |       |       |    40 |       ||    40
 Cast: Pain              |     8 |       |       |       ||     8
Invok: Heroism           |       |       |     4 |     1 ||     5
  Use: Potion            |       |     4 |     2 |       ||     6
       Scroll            |       |    11 |    10 |     1 ||    22
 Stab: Sleeping          |     5 |       |       |       ||     5
  Eat: Chunk             |     4 |     7 |     8 |     5 ||    24
       Meat ration       |       |       |     2 |       ||     2
       Beef jerky        |       |       |     2 |     1 ||     3
       Royal jelly       |       |       |     1 |       ||     1
